[Event "*** Titled Tuesday Blitz"]
[Site "Chess.com"]
[Date "2020.12.01"]
[Round "7"]
[White "Bigfish1995"]
[Black "BilodeauA"]
[Result "0-1"]
[WhiteElo "3045"]
[BlackElo "2848"]
[TimeControl "180+1"]
[EndTime "11:16:41 PST"]
[Termination "BilodeauA won on time"]

1. e4 e5 2. Nf3 Nc6 3. Bb5 a6 4. Ba4 d6 5. c3 Bd7 6. d4 Nge7 7. h4 h6 8. Be3 g6 9. d5 Nb8 10. c4 Bg7 11. Nc3 f5 12. h5 f4 13. Bd2 g5 14.
Nh2 Ng8 15. Ng4 Nf6 16. c5 O-O 17. Nxf6+ Qxf6 18. cxd6 cxd6 19. Bxd7 Nxd7 20. Qg4 Nc5 21.
Rh3 Qf7 22. Rc1 Rfc8 23. Na4 Qd7 24. Qxd7 Nxd7 25. Rhc3 Rxc3 26. Rxc3 b5 27. Rc7 Nf6 28. Nb6 Rd8 29. f3 Nxh5 30. Rc8 Rxc8 31. Nxc8 Bf8 32. Bb4 Nf6 33. Bxd6 Bxd6 34. Nxd6 h5 35. b4 g4 36. Kf2 g3+ 37. Kf1 Kf8 38. Nb7 Nd7 39. a3 Ke7 40.
Ke2 Nb6 41. Nc5 Nc4 42. Kf1 Nxa3 43. Nxa6 Nc2 44. Kg1 h4 45. Nc7 h3 46. d6+ Kd7 47. Nxb5 h2+ 48. Kh1 Ne1 0-1

[Event "*** Titled Tuesday Blitz"]
[Site "Chess.com"]
[Date "2020.12.01"]
[Round "7"]
[White "ChessQueen"]
[Black "ikhasu"]
[Result "1-0"]
[WhiteElo "2714"]
[BlackElo "2427"]
[TimeControl "180+1"]
[EndTime "11:16:41 PST"]
[Termination "ChessQueen won on time"]

1. e4 c5 2. c3 Nf6 3. e5 Nd5 4. Nf3 Nc6 5. Bc4 Nb6 6. Bb3 d5 7. exd6 Qxd6 8. O-O c4 9. Bc2 Bg4 10. a4 Ne5 11. Be4 f5 12. Bxb7 Rb8 13. Nxe5 Bxd1 14.
Bc6+ Kd8 15. Nf7+ Kc7 16. Nxd6 exd6 17. Rxd1 Kxc6 18. d3 d5 19. a5 Nd7 20. dxc4 dxc4 21. Nd2 Ne5 22. Nf1 Bc5 23. Ne3 Bxe3 24. Bxe3 Rxb2 25.
Bxa7 Ra8 26. Bd4 Nd3 27. a6 g6 28. a7 Rb7 29. Ra6+ Kb5 30. Re6 Ka4 31. h4 Kb3 32. Rb1+ Nb2 33. Re2 Ka2 34. Rbe1 Raxa7 35. Bxa7 Rxa7 36.
Re7 Ra6 37. Rb7 Nd3 38. Ree7 Ra3 39. Ra7 Rxa7 40. Rxa7+ Kb3 41. Rxh7 Kxc3 42. Rg7 Ne5 43. f4 Nd3 44. Rxg6 Kd4 45. h5 c3 46. Rc6 Nc5 47.
Rd6+ Ke4 48. Rd1 Kxf4 49. h6 1-0

[Event "*** Titled Tuesday Blitz"]
[Site "Chess.com"]
[Date "2020.12.01"]
[Round "7"]
[White "ARMQUEEN"]
[Black "Forantes"]
[Result "0-1"]
[WhiteElo "2478"]
[BlackElo "2398"]
[TimeControl "180+1"]
[EndTime "11:16:41 PST"]
[Termination "Forantes won by checkmate"]

1. e4 c5 2. Nc3 Nc6 3. Bb5 Nd4 4. Bc4 e6 5. Nge2 a6 6. Nxd4 cxd4 7. Ne2 Bc5 8. d3 Ne7 9. Bb3 b5 10. O-O Bb7 11. Ng3 O-O 12. f4 f5 13. Qe2 Qc7 14. Bd2 Qc6 15. Rae1 a5 16. a3 a4 17. Ba2 Bb6 18. Bb4 Bc5 19. Bd2 Rac8 20. Kh1 g6 21.
Rc1 Qb6 22. Rfe1 b4 23. axb4 Bxb4 24. Bc4 Bxd2 25. Qxd2 Kg7 26. Ra1 fxe4 27. Rxa4 e3 28. Qe2 Rxf4 29. Bb3 Rf2 30. Qg4 Rxg2 31. Nh5+ Kh8 32.
Qxg2 Bxg2+ 33. Kxg2 gxh5 34. Rf1 Nf5 35. Rfa1 e2 36.
Kf2 Qc6 37. Rc4 Qb7 38. Rxc8+ Qxc8 39. Kxe2 Qg8 40. Kf2 Qg5 41. Re1 Qh4+ 42. Kg2 Ne3+ 43. Kf3 Qg4+ 44. Kf2 Qg2# 0-1

[Event "*** Titled Tuesday Blitz"]
[Site "Chess.com"]
[Date "2020.12.01"]
[Round "7"]
[White "The_Machine04"]
[Black "theredking89"]
[Result "1-0"]
[WhiteElo "2439"]
[BlackElo "2625"]
[TimeControl "180+1"]
[EndTime "11:16:42 PST"]
[Termination "The_Machine04 won by resignation"]

1. d4 Nf6 2. Bg5 g6 3. Bxf6 exf6 4. g3 f5 5. e3 d6 6. Bg2 Nd7 7. Ne2 h5 8. h4 Nf6 9. c4 Bh6 10. Nbc3 Ng4 11. Qd3 c6 12. b4 Qe7 13. b5 Bd7 14. a4 O-O 15. O-O g5 16. hxg5 Qxg5 17. Bf3 h4 18. Kg2 hxg3 19. Nxg3 Rae8 20. Rae1 Nxf2 21.
Kxf2 Rxe3 22. Rxe3 f4 23. Ree1 Qxg3+ 24. Ke2 Re8+ 25.
Kd1 Rxe1+ 26. Rxe1 Bg4 27. Rf1 Qh3 28. Kc2 Bf5 29. Be4 Qh2+ 30. Qe2 Bxe4+ 31. Kb3 Qxe2 32. Nxe2 Bd3 33. Rg1+ Kf8 34. Nc1 Be4 35. Kc3 f3 36. Nd3 f5 37. Rf1 d5 38. cxd5 Bxd5 39. bxc6 Bxc6 40.
a5 Be3 41. Ne5 f2 42. Nxc6 bxc6 43. Kd3 Ke7 44. Kxe3 Kd6 45. Rxf2 Ke6 46. Kd3 Kd5 47. Rxf5+ Kd6 48. Rc5 1-0

[Event "*** Titled Tuesday Blitz"]
[Site "Chess.com"]
[Date "2020.12.01"]
[Round "7"]
[White "Chessalary"]
[Black "cukin84"]
[Result "1-0"]
[WhiteElo "2396"]
[BlackElo "2178"]
[TimeControl "180+1"]
[EndTime "11:16:42 PST"]
[Termination "Chessalary won by resignation"]

1. e4 c6 2. d4 d5 3. Nd2 a6 4. exd5 cxd5 5. Ngf3 Bg4 6. Bd3 e6 7. c3 Nc6 8. O-O Nf6 9. h3 Bh5 10. Qc2 Bd6 11. Re1 O-O 12. Ne5 Bg6 13. Nxg6 hxg6 14. Nf3 Rc8 15. Ne5 Nb4 16. Qd1 Nxd3 17. Qxd3 Bxe5 18. dxe5 Ne4 19. Be3 Rc4 20. Bd4 Nc5 21. Qf3 Nd7 22. Rad1 Qg5 23. Qd3 b5 24. Re3 Rfc8 25.
Rg3 Qf5 26. Qxf5 gxf5 27. f4 b4 28. h4 bxc3 29. bxc3 Nc5 30. Rf3 Ne4 31. Rdd3 Ra4 32. h5 Rxa2 33. Rh3 Kh7 34. Rd1 a5 35. Rb1 Rc7 36.
Rb8 Rc2 37. Ra8 Nxc3 38. Bxc3 R2xc3 39. Rxa5 Rxh3 40. gxh3 Rc4 41. Ra7 Rxf4 42. Rxf7 Re4 43. Rf8 Rxe5 44. Kg2 Re4 45. Kg3 d4 46. h4 e5 47. Rxf5 Kh6 48. Rf8 Kxh5 49. Rh8+ Kg6 50. Re8 Re3+ 51. Kg4 d3 52. h5+ Kf7 53. Rc8 d2 54. Rd8 Re2 55. Kf3 Rh2 56. Kg3 Rxh5 57. Rxd2 Kf6 58. Rd6+ Kf5 59. Rd5 Rh1 60. Kg2 Ra1 61. Rd8 g5 62. Rf8+ Kg4 63. Re8 Re1 64. Kf2 Re4 65. Re6 Rf4+ 66. Ke3 Rf3+ 67. Ke2 Kf4 68. Rf6+ Ke4 69. Rxf3 g4 70. Rg3 Kf4 71. Kf2 e4 72. Re3 1-0

[Event "*** Titled Tuesday Blitz"]
[Site "Chess.com"]
[Date "2020.12.01"]
[Round "7"]
[White "glebus008"]
[Black "Dreamer_01"]
[Result "1-0"]
[WhiteElo "2247"]
[BlackElo "2351"]
[TimeControl "180+1"]
[EndTime "11:16:43 PST"]
[Termination "glebus008 won on time"]

1. e4 d6 2. d4 c6 3. Nc3 Nf6 4. f4 Bg4 5. Qd3 g6 6. h3 Bc8 7.
Bd2 Qb6 8. O-O-O Bg7 9. Nf3 d5 10. e5 Bf5 11. exf6 Bxd3 12. fxg7 Rg8 13. Bxd3 Rxg7 14.
Rhe1 Nd7 15. f5 gxf5 16. Bxf5 e6 17. g4 O-O-O 18. Bd3 Qc7 19. Ne5 Nxe5 20. dxe5 c5 21.
Nb5 Qb6 22. Nd6+ Kb8 23. Bh6 Rgg8 24. Nxf7 Rd7 25. Nd6 c4 26. Bf1 c3 27. b3 Qa5 28.
Kb1 Rf8 29. Bd3 Rf2 30. Rf1 Rxf1 31. Rxf1 d4 32. Nc4 Qd5 33. a4 Rd8 34. Rf7 Qh1+ 35.
Ka2 Qxh3 36. g5 Qg3 37. Rxh7 a6 38. a5 Rc8 39. Be4 Rc7 40. Rxc7 Kxc7 41. g6 Qg4 42. g7 Qxe4 43. g8=Q Qxc2+ 44. Ka3 Qb1 45. Kb4 1-0

[Event "*** Titled Tuesday Blitz"]
[Site "Chess.com"]
[Date "2020.12.01"]
[Round "7"]
[White "Neftegor"]
[Black "anpospan"]
[Result "0-1"]
[WhiteElo "2505"]
[BlackElo "2416"]
[TimeControl "180+1"]
[EndTime "11:16:44 PST"]
[Termination "anpospan won on time"]

1. Nf3 c5 2. c4 b6 3. Nc3 Bb7 4.
d4 cxd4 5. Nxd4 e6 6. e4 d6 7. f3 a6 8. Be3 Qc7 9. Be2 Nd7 10. O-O Ngf6 11. Qd2 Be7 12. a4 Rc8 13. a5 bxa5 14. Nb3 O-O 15. Nxa5 Ba8 16. Rfb1 d5 17. cxd5 exd5 18. Nxd5 Bxd5 19. exd5 Bc5 20. Bxa6 Qf4 21. Nc4 Bxe3+ 22. Nxe3 Rce8 23. Re1 Nc5 24. Bf1 Nb3 25. g3 Nxd2 26. gxf4 Nxf3+ 27. Kf2 Nxe1 28. Rxe1 Rb8 29.
Re2 Rfd8 30. Bg2 g6 31. Rd2 Rb4 32. f5 g5 33. h3 h5 34. Ke2 Rdb8 35. Nd1 Ne4 36.
Bxe4 Rxe4+ 37. Kf2 Rf4+ 38. Kg2 Rxf5 39. Ne3 Re5 40.
Nc4 Re4 41. Nd6 Reb4 42. Rd1 Rxb2+ 43. Kf3 R8b3+ 44. Ke4 Re2+ 45. Kf5 Rg3 46. Ne4 Rxe4 47. Kxe4 Kf8 48. Ke5 Ke7 0-1

[Event "*** Titled Tuesday Blitz"]
[Site "Chess.com"]
[Date "2020.12.01"]
[Round "7"]
[White "esskeettit"]
[Black "picturesquecheck"]
[Result "1-0"]
[WhiteElo "2451"]
[BlackElo "2165"]
[TimeControl "180+1"]
[EndTime "11:16:44 PST"]
[Termination "esskeettit won on time"]

1. d4 Nf6 2. c4 e6 3. Nc3 d5 4.
cxd5 exd5 5. Bg5 Be7 6. e3 Bf5 7. Qb3 b6 8. Bxf6 Bxf6 9. Qxd5 Qxd5 10. Nxd5 Bd8 11. Nf3 c6 12. Nc3 O-O 13. Be2 Re8 14.
O-O Nd7 15. Rac1 c5 16. dxc5 Nxc5 17. Nb5 Be6 18. b3 a6 19. Nbd4 Bg4 20. h3 Bh5 21.
Rfd1 Bf6 22. Nf5 Bg6 23. Nd6 Red8 24. Nc4 Rdb8 25. Nxb6 Nxb3 26. Rc6 Na5 27. Rcd6 Ra7 28. Nd7 Rc8 29. Nxf6+ gxf6 30. Rxa6 Rxa6 31. Bxa6 Ra8 32.
Bb5 Kg7 33. Nd4 Ra7 34. Rc1 Be4 35. a4 Bd5 36. f3 Nb3 37. Nxb3 Bxb3 38. e4 Ra5 39. Ra1 f5 40. Ra3 Bc2 41. e5 f4 42.
Bc6 Kf8 43. Rc3 Bxa4 44. Ra3 Rxe5 45. Bxa4 Ra5 46. Ra2 Kg7 47. Bb3 Rb5 48. Ra3 1-0

[Event "*** Titled Tuesday Blitz"]
[Site "Chess.com"]
[Date "2020.12.01"]
[Round "7"]
[White "lelya96"]
[Black "GAusal"]
[Result "1-0"]
[WhiteElo "2218"]
[BlackElo "2080"]
[TimeControl "180+1"]
[EndTime "11:16:44 PST"]
[Termination "lelya96 won by resignation"]

1. e4 e5 2. Nf3 Nc6 3. Bb5 a6 4. Ba4 Nf6 5. O-O Nxe4 6. Re1 Nc5 7. Nxe5 Nxe5 8. Rxe5+ Be7 9. Bb3 Nxb3 10. axb3 d5 11.
d4 Be6 12. Nc3 O-O 13. Bf4 Bd6 14. g3 Bxe5 15. Bxe5 Qd7 16. Qd2 f6 17. Bf4 Rfe8 18. Na4 b6 19. Nc3 c6 20. Na4 Qb7 21. Qb4 Bh3 22.
Qxb6 Qxb6 23. Nxb6 Ra7 24. Be3 g5 25. c4 h6 26.
cxd5 cxd5 27. Nxd5 Kg7 28. Ra5 Be6 29. Nc3 Bxb3 30.
d5 Bc4 31. Bxa7 g4 32. Be3 Rb8 33. Rc5 Bd3 34. Nd1 Be2 35. Rc7+ Kg6 36. Nc3 Bf3 37.
Na4 Rb4 38. b3 Rxb3 39. Rc1 Bxd5 40. Nc5 Rb2 41. Nd3 Ra2 42. Nf4+ Kf5 43. Nxd5 a5 44. Nc3 Ra3 45. Nb5 Ra2 46. Rc5+ Kg6 47. Bd4 h5 48. Rc6 Kf5 49. Rxf6+ Ke4 50. Nc3+ Kxd4 51. Nxa2 a4 52. Ra6 Kc4 53. Rxa4+ Kb3 54. Ra5 Kc2 55. Rxh5 Kd3 1-0

[Event "*** Titled Tuesday Blitz"]
[Site "Chess.com"]
[Date "2020.12.01"]
[Round "7"]
[White "TimurGareyev"]
[Black "AlexeiShirov"]
[Result "1/2-1/2"]
[WhiteElo "2678"]
[BlackElo "2850"]
[TimeControl "180+1"]
[EndTime "11:16:45 PST"]
[Termination "Game drawn by repetition"]

1. d4 d5 2. c4 c6 3. Nf3 Nf6 4. Nc3 e6 5. e3 Nbd7 6. Bd2 Bd6 7. Qc2 O-O 8. Rd1 Qe7 9. a3 b6 10. cxd5 exd5 11. Bd3 Bb7 12. O-O Rae8 13. Ne2 Ne4 14. Ng3 f5 15. Qa4 a6 16. Bb4 c5 17. dxc5 bxc5 18. Ba5 f4 19. exf4 Rxf4 20. Bxe4 Nf6 21. Nf5 Qxe4 22. Qxe4 Nxe4 23. Nxd6 Nxd6 24. Bc7 Rf6 25.
Rfe1 Rxe1+ 26. Rxe1 Ne4 27. b4 d4 28. bxc5 d3 29.
Be5 Rxf3 30. gxf3 Ng5 31. Kf1 Nxf3 32. Bf4 Nxe1 33. Kxe1 Bc6 34. Kd2 Bb5 35. Kc3 Kf7 36. Kb4 Ke6 37. Ka5 Kd7 38. Kb6 Kc8 39. c6 g6 40. h4 Bc4 41. Kc5 Bb5 42. Kb6 Bc4 43.
a4 Bb3 44. a5 Bc4 45. Kc5 Bb5 46. Kd6 Ba4 47. Bd2 Bb5 48. Kc5 Ba4 49. Bf4 Bb5 50. Bd2 Ba4 51. Bf4 Bb5 1/2-1/2

[Event "*** Titled Tuesday Blitz"]
[Site "Chess.com"]
[Date "2020.12.01"]
[Round "7"]
[White "kingofthenil"]
[Black "Anna_ChessMate"]
[Result "0-1"]
[WhiteElo "2736"]
[BlackElo "2582"]
[TimeControl "180+1"]
[EndTime "11:16:46 PST"]
[Termination "Anna_ChessMate won by resignation"]

1. e4 c6 2. c4 d5 3. cxd5 cxd5 4. exd5 Nf6 5. Nc3 Nxd5 6. Nf3 Nc6 7. Bb5 e6 8. O-O Be7 9. d4 O-O 10. Re1 Bf6 11. Ne4 g6 12. Nxf6+ Nxf6 13. Bg5 Kg7 14. Qd2 Re8 15. Bxc6 bxc6 16. Ne5 h5 17. Re3 Rf8 18. Bh6+ Kxh6 19. Nxc6 Qc7 20. Ne5 Kg7 21. Rc1 Qd6 22.
Rf3 Bb7 23. Rxf6 Kxf6 24. Qh6 Qd5 25. Kf1 Qxg2+ 26. Ke2 Qe4+ 27. Kf1 Qxd4 28. Re1 Rh8 29. Qc1 Rac8 30. Qb1 Kg7 31. Re3 Rhd8 32. Re1 Qd5 33. f3 Qd4 34. b4 Qf4 35. Qb2 Qd4 36. Qe2 a5 37. b5 Qd2 38. a4 Qxe2+ 39. Rxe2 Rc1+ 40.
Kf2 Rdd1 41. Rb2 Rf1+ 42. Kg2 f6 43. Nd3 Bxf3+ 44. Kh3 Rcd1 45. Nf4 Bg4+ 46. Kg3 g5 47. Ng2 Rd3+ 48. Ne3 Rxe3+ 49. Kg2 Rfe1 50. b6 R1e2+ 51. Rxe2 Rxe2+ 52. Kg3 f5 0-1

[Event "*** Titled Tuesday Blitz"]
[Site "Chess.com"]
[Date "2020.12.01"]
[Round "7"]
[White "SlovenskiZmaj"]
[Black "chidori_boruto"]
[Result "0-1"]
[WhiteElo "2446"]
[BlackElo "2676"]
[TimeControl "180+1"]
[EndTime "11:16:46 PST"]
[Termination "chidori_boruto won by resignation"]

1. d4 Nf6 2. Bg5 d5 3. Bxf6 exf6 4. e3 Bd6 5. g3 c6 6. Bg2 Nd7 7. b3 Qa5+ 8. c3 f5 9. Ne2 Nf6 10. O-O Ne4 11. c4 Be6 12. Qc2 h5 13. Nf4 Bxf4 14.
gxf4 h4 15. Kh1 h3 16. Bf3 O-O-O 17. Rg1 Rdg8 18. Bxe4 fxe4 19. cxd5 Qxd5 20. Nc3 Qh5 21. Rg3 f5 22. Qe2 g5 23. Qxh5 Rxh5 24. fxg5 Rgxg5 25. Ne2 Rxg3 26. hxg3 h2 27. Nf4 Rh6 28. Kg2 Bf7 29. Rh1 Kc7 30. Rxh2 Rxh2+ 31. Kxh2 Kb6 32. g4 fxg4 33. Kg3 Kb5 34. Kxg4 Kb4 35. f3 exf3 36. Kxf3 Ka3 37. Nd3 Kxa2 38. e4 Kxb3 39.
Nc5+ Kc4 40. Ke3 b6 41. Nd7 Kc3 42. e5 Be6 43. Nb8 Bd5 44. Nd7 b5 45. Nc5 b4 46.
e6 b3 47. e7 Bf7 48. Ke4 b2 49. Na4+ Kb3 50. Nxb2 Kxb2 51. Ke5 a5 52. Kd6 Be8 53.
Kc7 a4 54. Kd8 Bf7 55. Kc7 a3 56. Kxc6 a2 57. d5 0-1

[Event "*** Titled Tuesday Blitz"]
[Site "Chess.com"]
[Date "2020.12.01"]
[Round "7"]
[White "StephenDedalus83"]
[Black "Orest_Vovk"]
[Result "1-0"]
[WhiteElo "2708"]
[BlackElo "2552"]
[TimeControl "180+1"]
[EndTime "11:16:47 PST"]
[Termination "StephenDedalus83 won on time"]

1. e4 Nc6 2. Nf3 d5 3. exd5 Qxd5 4. Nc3 Qa5 5. d4 Bg4 6. Bb5 O-O-O 7. Bxc6 bxc6 8. h3 Qh5 9. Qd3 Bxf3 10. gxf3 e6 11. Be3 Nf6 12. Qa6+ Kd7 13. O-O-O Bb4 14. Ne4 Qxf3 15. Ng5 Qh5 16. h4 h6 17. Nh3 Qb5 18.
Qxb5 cxb5 19. Rhg1 Rhg8 20. Nf4 Bd6 21. Nd3 Nd5 22. Bd2 f6 23. Rg6 Ke7 24. Rdg1 Kf7 25.
h5 Ne7 26. R6g2 Nf5 27. Rg4 Rc8 28. c3 c5 29. dxc5 Bxc5 30. Kc2 Rgd8 31. Rh1 Rd7 32. Bc1 Bb6 33. Nb4 a5 34. Nd3 Rc4 35. Rhg1 Nd4+ 36.
Kb1 Ne2 37. Rxg7+ Ke8 38. Rg8+ Ke7 39. R1g7+ Kd6 40. Rxd7+ Kxd7 41. Bxh6 Rh4 42. Bg7 Rxh5 43. Bxf6 Rf5 44. Bh4 Nf4 45. Ne1 Nd5 46. Rg2 Rh5 47. Nf3 Bd8 48. Bxd8 Kxd8 49. Kc2 Rh1 50. Rg1 Rxg1 51. Nxg1 Kd7 52. Ne2 Kd6 53. Kd3 Ne7 54.
Nd4 b4 55. cxb4 axb4 56. Kc4 Nd5 57. Nc2 Nf4 58. Nxb4 Nh3 59. Nd3 e5 60. f3 Ng1 61.
Ne1 Ne2 62. b4 Nd4 63. f4 1-0

[Event "*** Titled Tuesday Blitz"]
[Site "Chess.com"]
[Date "2020.12.01"]
[Round "7"]
[White "Leonid_Starozhilov"]
[Black "Gulkov_Igor"]
[Result "0-1"]
[WhiteElo "2650"]
[BlackElo "2511"]
[TimeControl "180+1"]
[EndTime "11:16:47 PST"]
[Termination "Gulkov_Igor won on time"]

1. e4 c5 2. Nf3 d6 3. Bb5+ Bd7 4. a4 Nf6 5. Nc3 Nc6 6. O-O e6 7. Re1 Be7 8. d4 cxd4 9. Nxd4 Rc8 10. Be3 a6 11.
Bxc6 Bxc6 12. Nxc6 Rxc6 13. Qd3 O-O 14. a5 Qc8 15.
Rec1 Ng4 16. Bd4 Ne5 17. Qg3 Bf6 18. Na4 Rxc2 19. Rd1 Qc6 20. Nc3 Rc8 21. h3 h5 22.
Rab1 h4 23. Qf4 Ng6 24. Qe3 Bxd4 25. Qxd4 Nf4 26. Qe3 e5 27. Rd2 Rxd2 28. Qxd2 Qc5 29. Rd1 Qxa5 30. Qxd6 Qc5 31. Qd2 b5 32. Kh2 g6 33.
Nd5 Nxd5 34. exd5 Qd6 35. Kg1 Rc4 36. Qe3 Kg7 37. Rd2 a5 38. Rd1 b4 39. Kh2 a4 40.
Re1 Qxd5 41. Qxe5+ Qxe5+ 42. Rxe5 Rc2 43. Ra5 Rxf2 44.
Rxa4 Rxb2 45. Ra5 b3 46. Rb5 f6 47. Rb4 g5 48. Kg1 Rb1+ 49. Kf2 b2 50. Rb3 f5 51. Rb6 g4 52. hxg4 f4 53. Rb3 f3 54.
gxf3 Rh1 0-1

[Event "*** Titled Tuesday Blitz"]
[Site "Chess.com"]
[Date "2020.12.01"]
[Round "7"]
[White "Aborigen_came"]
[Black "natelleka"]
[Result "1-0"]
[WhiteElo "2731"]
[BlackElo "2197"]
[TimeControl "180+1"]
[EndTime "11:16:47 PST"]
[Termination "Aborigen_came won on time"]

1. Nc3 d5 2. e4 dxe4 3. Nxe4 e5 4. Bc4 Nc6 5. Nf3 Bf5 6. Ng3 Bg6 7. O-O Nf6 8. Re1 Bc5 9. d4 Nxd4 10. Rxe5+ Ne6 11. Qxd8+ Rxd8 12. Bxe6 Rd1+ 13. Nf1 fxe6 14. Rxc5 O-O 15. b3 c6 16. Re5 Bxc2 17. Bb2 Rfd8 18. Rxd1 Rxd1 19. Re1 Rd8 20. Rc1 Be4 21. Ne3 Bxf3 22. gxf3 Rd2 23. Rc2 Rd7 24. Bxf6 gxf6 25. Kf1 Kf7 26. Ke2 Ke7 27. Rd2 Rc7 28. f4 c5 29.
f5 b5 30. fxe6 Kxe6 31. Rc2 Ke5 32. Ng4+ Kf5 33. Kf3 Ke6 34. Kf4 c4 35. bxc4 bxc4 36. Ne3 c3 37. Ke4 f5+ 38. Nxf5 Rc4+ 39. Nd4+ Kd6 40.
Ke3 Kc5 41. Ne2 Kb4 42. f4 a5 43. Rxc3 Rxc3+ 44. Nxc3 Kxc3 45. f5 a4 46. f6 a3 47.
f7 Kb2 48. f8=Q Kxa2 49. Qb4 h6 50. Kd2 h5 51. Kc2 1-0

[Event "*** Titled Tuesday Blitz"]
[Site "Chess.com"]
[Date "2020.12.01"]
[Round "7"]
[White "Parhamov"]
[Black "Rsnr"]
[Result "0-1"]
[WhiteElo "2907"]
[BlackElo "2793"]
[TimeControl "180+1"]
[EndTime "11:16:48 PST"]
[Termination "Rsnr won on time"]

1. e4 c6 2. d4 d5 3. Nc3 dxe4 4. Nxe4 Bf5 5. Ng3 Bg6 6. h4 h6 7. Nf3 e6 8. Bd3 Bxd3 9. Qxd3 Nf6 10. Bf4 Bd6 11. Ne5 Bxe5 12. Bxe5 Qa5+ 13. c3 Nbd7 14. f4 O-O-O 15. O-O Nxe5 16. fxe5 Qxe5 17. dxe5 Rxd3 18.
Ne2 Ng4 19. Rxf7 Rd7 20. Rf4 Nxe5 21. Re4 Nd3 22. b4 e5 23. Rf1 Rhd8 24. Ng3 c5 25. a3 cxb4 26. axb4 Rc7 27. Ne2 b5 28.
Rf3 Kb7 29. Rg4 Rd6 30. Kh2 Kb6 31. Ng3 Nf4 32. Ne4 Rdc6 33. Nc5 Ne6 34. Ne4 Rc4 35.
Re3 g5 36. Rgg3 a5 37. bxa5+ Kxa5 38. h5 Nf4 39. Nd6 R4c5 40. Ne4 R5c6 41. Rgf3 Kb6 42. g3 Nxh5 43. Rf2 Ng7 44. Nf6 Kb7 45. Nd5 Rd7 46.
Nb4 Rc5 0-1

[Event "*** Titled Tuesday Blitz"]
[Site "Chess.com"]
[Date "2020.12.01"]
[Round "7"]
[White "SantoBlue"]
[Black "Rud_Makarian"]
[Result "1-0"]
[WhiteElo "2889"]
[BlackElo "2728"]
[TimeControl "180+1"]
[EndTime "11:16:48 PST"]
[Termination "SantoBlue won by resignation"]

1. e4 e5 2. Nf3 Nc6 3. Bb5 Nf6 4. O-O Nxe4 5. Re1 Nd6 6. Nxe5 Be7 7. Bf1 Nxe5 8.
Rxe5 O-O 9. d4 Bf6 10. Bd3 g6 11. Nc3 Re8 12. Bf4 b6 13. Nd5 Bb7 14. Nxf6+ Qxf6 15.
Qg4 Re6 16. Rae1 Rae8 17. h4 h5 18. Qg3 Rxe5 19. dxe5 Nf5 20. Bxf5 Qxf5 21. Bh6 Bc6 22. Qc3 Kh7 23. Bg5 Re6 24. f3 a5 25. b3 Kg8 26.
a4 Kh7 27. Re2 Kg8 28. Kf2 Kh7 29. Kg3 Kg8 30. Bf6 Kh7 31. Bg5 Kg8 32. Bd8 Kh7 33. Bxc7 g5 34. hxg5 Qxg5+ 35. Kf2 Rg6 36. Kf1 h4 37. Qe3 Qf5 38. Qd3 Qxd3 39. cxd3 h3 40. gxh3 Bxf3 41. Rf2 Bd5 42. Rb2 Rg3 43. b4 axb4 44.
Rxb4 Rxd3 45. Rh4+ Kg6 46. Bxb6 Ra3 47. a5 Kf5 48.
Rh5+ Ke4 49. Rg5 Bc4+ 50. Kf2 Ra2+ 51. Kg3 Ra1 52. h4 Rg1+ 53. Bxg1 1-0

[Event "*** Titled Tuesday Blitz"]
[Site "Chess.com"]
[Date "2020.12.01"]
[Round "7"]
[White "mjray79"]
[Black "Cambek64"]
[Result "0-1"]
[WhiteElo "2428"]
[BlackElo "2290"]
[TimeControl "180+1"]
[EndTime "11:16:48 PST"]
[Termination "Cambek64 won by resignation"]

1. d4 c5 2. c4 cxd4 3. Qxd4 Nc6 4. Qd1 Nf6 5. Nf3 g6 6. g3 Bg7 7. Bg2 O-O 8. Nc3 d6 9. O-O Be6 10. Nd2 Qd7 11. b3 Bh3 12. Bb2 Bxg2 13. Kxg2 d5 14. cxd5 Nxd5 15. Nde4 Rfd8 16. Qc2 Nd4 17. Qd3 f5 18.
Nc5 Qc6 19. e4 Nxc3 20. Qc4+ Nd5 21. exd5 Rxd5 22. Nd3 b5 23. Qxc6 Nxc6 24. Bxg7 Rxd3 25. Bh6 Rad8 26. Rac1 R8d6 27. Rfe1 e5 28. Rc5 a6 29.
Rec1 Nb4 30. Rc8+ Rd8 31. R8c7 R3d7 32. R7c5 Nd3 33. Bg5 Nxc5 34. Bxd8 Nd3 35. Rc8 Kf7 36. Bb6 e4 37. Be3 Nb4 38. a3 Nd5 39. Bd4 Rc7 40.
Rd8 Ke6 41. Re8+ Re7 42. Ra8 Nc7 43. Rb8 Kd5 44. Be3 Rd7 45. Rb6 Rf7 46. Bf4 Rd7 47.
Bxc7 Rxc7 48. Rxa6 Rc2 49. Rb6 e3 50. Rxb5+ Ke4 51.
Rb8 Rxf2+ 52. Kg1 Ra2 53. Re8+ Kf3 54. h4 e2 55. b4 Rxa3 56. b5 Ra1+ 57. Kh2 e1=Q 58.
Rxe1 Rxe1 59. b6 Rb1 60. b7 Rxb7 0-1

[Event "*** Titled Tuesday Blitz"]
[Site "Chess.com"]
[Date "2020.12.01"]
[Round "7"]
[White "Alindsay211"]
[Black "mortngabriel"]
[Result "1/2-1/2"]
[WhiteElo "2397"]
[BlackElo "2284"]
[TimeControl "180+1"]
[EndTime "11:16:49 PST"]
[Termination "Game drawn by repetition"]

1. e4 Nc6 2. Nf3 e5 3. Bb5 a6 4. Ba4 Nf6 5. O-O Be7 6. c3 O-O 7. Bc2 d5 8. exd5 Nxd5 9. d4 Bg4 10. dxe5 Nxe5 11. Nbd2 Nf6 12. Qe2 Nxf3+ 13. Nxf3 Re8 14. h3 Bd6 15. Qd3 Bh5 16. Bg5 Bg6 17. Qd1 Be7 18.
Bxg6 hxg6 19. Qc2 Qd5 20. Rad1 Qf5 21. Qxf5 gxf5 22. Bxf6 Bxf6 23. Rd7 Re7 24. Rfd1 Rae8 25. Rxe7 Rxe7 26. Kf1 g6 27. Rd3 Kg7 28. Rd2 b5 29. Re2 Rd7 30. Ke1 c5 31. Rd2 Rb7 32. Kd1 b4 33. Kc2 bxc3 34. bxc3 a5 35. Rd5 Rc7 36. Nd2 a4 37. Nc4 Re7 38. Rd2 Rb7 39. Ne3 a3 40.
Nc4 Ra7 41. Rd3 g5 42. Kb3 Kg6 43. Nxa3 Rb7+ 44. Kc2 Ra7 45. Kb3 Rb7+ 46. Ka4 Ra7+ 47. Kb3 1/2-1/2

[Event "*** Titled Tuesday Blitz"]
[Site "Chess.com"]
[Date "2020.12.01"]
[Round "7"]
[White "Pelopidass"]
[Black "tigra"]
[Result "0-1"]
[WhiteElo "2572"]
[BlackElo "2781"]
[TimeControl "180+1"]
[EndTime "11:16:50 PST"]
[Termination "tigra won by resignation"]

1. e4 c5 2. Nf3 d6 3. b3 Nf6 4. e5 dxe5 5. Nxe5 g6 6. Bb2 Bg7 7. Bc4 O-O 8. O-O e6 9. Qe2 Nd5 10. Nc3 Nf4 11. Qe4 Qd4 12. Rfe1 Nd7 13. Nf3 Qxe4 14. Rxe4 Nd5 15. Nd1 b6 16. Bxg7 Kxg7 17. Bxd5 exd5 18. Re1 d4 19. c3 Bb7 20. cxd4 Bxf3 21. gxf3 cxd4 22. Nb2 Rac8 23. Rac1 Ne5 24. Kg2 Kf6 25. f4 Nc6 26. Re4 Rfd8 27. Nd3 Ne7 28.
Rxc8 Nxc8 29. Ne5 Rd5 30. Nf3 d3 31. Ne5 Nd6 32. Ra4 a5 33. Kf3 h5 34. Nd7+ Kf5 35.
Nxb6 Rc5 36. Nd7 Rd5 37. Nb6 Rb5 38. Nc4 Nb7 39. Ke3 Kg4 40. f3+ Kh3 41. Ne5 Nd6 42.
Kxd3 Kxh2 43. Rd4 Nf5 44. Rd7 f6 45. Nxg6 h4 46. Rh7 h3 47. Ke4 Ng3+ 48. Ke3 Rd5 49. d4 Rd8 50. f5 Nxf5+ 51. Kf2 Rxd4 52. Nf4 Rxf4 53. b4 axb4 0-1

[Event "*** Titled Tuesday Blitz"]
[Site "Chess.com"]
[Date "2020.12.01"]
[Round "7"]
[White "politeplayer"]
[Black "tteshan"]
[Result "1/2-1/2"]
[WhiteElo "2255"]
[BlackElo "2368"]
[TimeControl "180+1"]
[EndTime "11:16:50 PST"]
[Termination "Game drawn - insufficient material"]

1. e4 c5 2. c3 d5 3. exd5 Qxd5 4. d4 Nf6 5. Nf3 e6 6. Be3 cxd4 7. cxd4 Bd7 8. Nc3 Bb4 9. Bd3 Bxc3+ 10. bxc3 O-O 11.
O-O Bb5 12. Rb1 Bxd3 13. Qxd3 b6 14. c4 Qd7 15. Ne5 Qe7 16. Bc1 Rd8 17. Ba3 Qc7 18.
Qf3 Nbd7 19. Nc6 Re8 20. Rfe1 Kh8 21. d5 exd5 22. cxd5 h6 23. d6 Qb7 24. Rbc1 Rxe1+ 25. Rxe1 Rc8 26. Ne5 Qxf3 27. gxf3 Nxe5 28. Rxe5 Rc3 29. Re8+ Kh7 30. Bb2 Rd3 31. Bxf6 gxf6 32. Rd8 Rxf3 33. Rd7 Kg7 34. Rxa7 Rd3 35. d7 f5 36. Kf1 Rd2 37. Ke1 Rd6 38. Ke2 Kf6 39. Ke3 Ke7 40. Kf4 Rd5 41. d8=Q+ Kxd8 42. Rxf7 Rd2 43. Kxf5 Rxf2+ 44. Ke6 Rxh2 45. Rb7 Rxa2 46. Rxb6 Kc7 47. Rb5 Rh2 48.
Kf6 Kd6 49. Kg6 Ke6 50. Rh5 Rxh5 51. Kxh5 Kf5 52. Kxh6 1/2-1/2

[Event "*** Titled Tuesday Blitz"]
[Site "Chess.com"]
[Date "2020.12.01"]
[Round "7"]
[White "fish7728"]
[Black "kidagent"]
[Result "0-1"]
[WhiteElo "2140"]
[BlackElo "2291"]
[TimeControl "180+1"]
[EndTime "11:16:50 PST"]
[Termination "kidagent won on time"]

1. d4 d5 2. c4 c6 3. Nc3 dxc4 4. e4 b5 5. Nf3 Nf6 6. e5 Nd5 7. Be2 b4 8. Ne4 Ba6 9. O-O e6 10. Qc2 Nd7 11. Bxc4 Be7 12. Bxa6 Qb6 13. Bc4 O-O 14. Bxd5 cxd5 15. Be3 dxe4 16. Qxe4 Rac8 17. d5 Qa5 18.
d6 Bd8 19. Rac1 Bb6 20. Bg5 h6 21. Bd2 Qxa2 22. Qxb4 Qd5 23. Bc3 Rc4 24. Qb3 Nc5 25. Qd1 Qc6 26. Nd4 Qb7 27. Qe2 Ra4 28. Qb5 a6 29.
Qe2 Ra2 30. Ra1 Qd5 31. Rxa2 Qxa2 32. Nc6 Na4 33. Qxa6 Nxc3 34. Qxb6 Ne2+ 35. Kh1 Qc4 36. Re1 Nf4 37. Ne7+ Kh7 38. Qe3 g6 39. Qe4 Qxe4 40. Rxe4 Nd3 41. Re2 Ra8 42. g3 Kg7 43. Kg2 Kf8 44. Rd2 Nc5 45. b4 Nd7 46. f4 Rb8 47. Rb2 Rb5 48. Kf3 Ke8 49. Ke4 g5 50. Kd4 gxf4 51. gxf4 Nb6 52. Nc6 Kd7 53. Ne7 f6 54.
exf6 Kxd6 55. Ng6 Nd7 56. Ne5 Nxf6 0-1